 Dungeon Crawl Stone Soup version 0.31.0-11-ge490571c62 (webtiles) character file.

Game seed: 3788349787777965222

8 browni3141 the Firebug (level 2, 19/19 HPs)
             Began as a Demonspawn Fire Elementalist on Jan 30, 2024.
             Got out of the dungeon alive.
             The game lasted 00:00:24 (554 turns).

browni3141 the Firebug (DsFE)                        Turns: 554, Time: 00:00:25

Health: 19/19      AC:  2    Str:  8    XL:     2   Next: 0%
Magic:  5/5        EV: 12    Int: 15    God:
Gold:   25         SH:  0    Dex: 13    Spells: 4/5 levels left

rFire   . . .        (no weapon)
rCold   . . .        (no shield)
rNeg    . . .        a - +0 robe
rPois   .            (no helmet)
rElec   .            (no cloak)
rCorr   .            (no gloves)
SInv    .            (no boots)
Will    .....        (no amulet)
Stlth   ++           (no ring)
HPRegen 0.23/turn    (no ring)
MPRegen 0.09/turn

%: no passive effects
@: no status effects
A: spiny 1
a: no special abilities


You escaped.
You visited 1 branch of the dungeon, and saw 1 of its levels.

You collected 25 gold pieces.

Inventory:

Armour
 a - a +0 robe (worn)
Jewellery
 d - a ring of wizardry
 h - an amulet of faith
 i - a +6 ring of intelligence
Scrolls
 e - a scroll of torment {unknown}
 f - a scroll of noise {unknown}
Potions
 b - a potion of magic
 c - a potion of brilliance {unknown}
 g - 2 potions of enlightenment {unknown}


   Skills:
 + Level 1.9 Dodging
 + Level 2.0 Stealth
 + Level 2.1 Spellcasting
 + Level 1.2 Conjurations
 + Level 2.8 Fire Magic


You had 4 spell levels left.
You knew the following spells:

 Your Spells              Type           Power      Damage    Failure   Level
a - Foxfire               Conj/Fire      28%        2x1d5     10%         1

Your spell library contained the following spells:

 Spells                   Type           Power      Damage    Failure   Level
 Scorch                   Fire           20%        2d5       11%         2
 Summon Small Mammal      Summ           4%         N/A       22%         1
 Inner Flame              Hex/Fire       5%         N/A       36%         3
 Volatile Blastmotes      Fire/Tloc      10%        2d10      36%         3
 Call Canine Familiar     Summ           1%         N/A       54%         3
 Flame Wave               Conj/Fire      7%         2d5       67%         4
 Summon Blazeheart Golem  Fire/Summ      5%         N/A       77%         4


Dungeon Overview and Level Annotations

Branches:
Dungeon (1/15)

Altars:


Innate Abilities, Weirdness & Mutations

You are partially covered in sharp spines.


Message History

g - 2 metallic yellow potions A rat comes into view.
A rat is nearby!
You conjure some foxfire!
You conjure some foxfire!
The foxfire hits the rat.
You kill the rat!
Your foxfire dissipates! x3
A frilled lizard comes into view.
A frilled lizard is nearby!
A frilled lizard is nearby!
A frilled lizard is nearby!
You conjure some foxfire!
You conjure some foxfire!
The foxfire hits the frilled lizard.
You kill the frilled lizard!
Your foxfire dissipates!
Your foxfire dissipates!
You see here a rat corpse.
A rat comes into view.
A rat is nearby!
A rat is nearby!
A rat is nearby!
You conjure some foxfire!
The rat squeaks loudly.
Your foxfire dissipates!
You see here 11 gold pieces.
You conjure some foxfire!
You conjure some foxfire!
The rat twitches its whiskers.
A rat is nearby!
A rat is nearby!
The foxfire hits the rat.
You kill the rat!
Your foxfire dissipates!
Unknown command.
Unknown command.
Unknown command.
Your foxfire dissipates!
Key pressed, stopping explore.
Key pressed, stopping explore.
You now have 25 gold pieces (gained 11).
You see here a rat corpse.
h - an amulet of faith
i - a +6 ring of intelligence You see here 5 stones.
You see here a bat skeleton.
A giant cockroach comes into view.
A giant cockroach is nearby!
A giant cockroach is nearby!
You conjure some foxfire!
The foxfire hits the giant cockroach.
The giant cockroach is heavily wounded.
Your foxfire dissipates!
You conjure some foxfire!
The foxfire hits the giant cockroach but does no damage.
The giant cockroach is heavily wounded.
The foxfire hits the giant cockroach but does no damage.
The giant cockroach is heavily wounded.
You conjure some foxfire!
The foxfire hits the giant cockroach but does no damage.
The giant cockroach is heavily wounded.
The foxfire hits the giant cockroach but does no damage.
The giant cockroach is heavily wounded.
The giant cockroach barely misses you.
A giant cockroach is nearby!
You hit the giant cockroach but do no damage.
The giant cockroach is heavily wounded.
The giant cockroach bites you but does no damage.
You closely miss the giant cockroach.
The giant cockroach is heavily wounded.
The giant cockroach bites you.
You completely miss the giant cockroach.
The giant cockroach is heavily wounded.
The giant cockroach closely misses you.
You hit the giant cockroach but do no damage.
The giant cockroach is heavily wounded.
The giant cockroach bites you.
You hit the giant cockroach.
The giant cockroach is severely wounded.
The giant cockroach misses you. The giant cockroach barely misses you.
You hit the giant cockroach.
The giant cockroach is almost dead.
The giant cockroach misses you.
You hit the giant cockroach but do no damage.
The giant cockroach is almost dead.
The giant cockroach barely misses you.
You conjure some foxfire!
The giant cockroach completely misses you.
You hit the giant cockroach.
You kill the giant cockroach!
Your Stealth skill increases to level 2!
You have reached level 2!
Your demonic ancestry asserts itself...
Sharp spines emerge from parts of your body.
Your foxfire dissipates!
HP restored.
You see here a frilled lizard corpse.
You see here a bat skeleton.
There is an open door here.
There is a staircase leading out of the dungeon here.
You have escaped!

#..........# #.#
#
#.####..##.####.#
# #.##
#.###......# #
#..# #.# ########
# ##'###+## #
#...#...# #
#...#.>.#
#...#...#
#.@.#.>.#
#...#...#
#...#.>.#
#...#...#
##+###+##


There were no monsters in sight!

Vanquished Creatures
  A giant cockroach (D:1)
  A kobold (D:1)
  2 bats (D:1)
  A frilled lizard (D:1)
  4 rats (D:1)
9 creatures vanquished.

Vanquished Creatures (others)
  32 foxfires (D:1)
32 creatures vanquished.

Grand Total: 41 creatures vanquished

Notes
Turn   | Place    | Note
-------+----------+-------------------------------------------
     0 | D:1      | browni3141 the Demonspawn Fire Elementalist began the quest
                  | for the Orb.
     0 | D:1      | Reached XP level 1. HP: 13/13 MP: 3/3
   495 | D:1      | Gained mutation: You are partially covered in sharp spines.
                  | [demonic ancestry]
   495 | D:1      | Reached XP level 2. HP: 17/19 MP: 0/5
   554 | D:$      | Got out of the dungeon alive.

Illustrated notes

Levels and vault maps discovered:
D:1:      minmay_arrival_up_and_down, layout_loops_ring,
          grunt_decor_mini_mirrors, minmay_pentomino_v2

Skill      XL: |  1 |
---------------+----+-----
Stealth        | 2 |  2.0
Dodging        | |  1.9
Spellcasting   | |  2.1
Conjurations   | |  1.2
Fire Magic     | |  2.8

Action                     || total
---------------------------++-------
  Melee: Unarmed           ||     8
   Cast: Foxfire           ||    20
 Armour: Robe              ||     3
  Dodge: Dodged            ||     7
